 Dungeon Crawl Stone Soup version 0.21.0 (webtiles) character file.

28611 Manul the Protected (level 13, -5/70 HPs)
             Began as a Vine Stalker Assassin on Jan 6, 2018.
             Was an Initiate of Gozag.
             Killed by divine providence
             ... invoked by an orc priest
              (9 damage)
             ... on level 2 of the Orcish Mines.
             The game lasted 00:24:35 (12678 turns).

Manul the Protected (Vine Stalker Assassin)        Turns: 12678, Time: 00:24:36

Health: -5/70      AC: 27    Str: 22    XL:     13   Next: 40%
Magic:  0/24       EV: 14    Int: 11    God:    Gozag
Gold:   2393       SH:  0    Dex: 36    Spells: 12/12 levels left

rFire    x . .     SeeInvis +   c - +0 battleaxe (elec)
rCold    + + .     Gourm    .   (shield currently unavailable)
rNeg     . . .     Faith    .   A - +7 plate armour of the Albatross {-Cast rF- rC++ Dex+9}
rPois    .         Spirit   +   p - +2 helmet
rElec    .         Reflect  .   d - +0 cloak
rCorr    +         Harm     .   Y - -4 pair of gloves "Woimoczi" {MR- rCorr Str+6 SInv}
MR       .....     NoCast   +   (no boots)
Stlth    +.........             (no amulet)
HPRegen  1.01/turn              q - ring of magical power
MPRegen  0.19/turn              o - +4 ring of dexterity

@: gold aura, hasted, drained, very quick
A: fangs 3, slimy green scales 1, agile 1, blurry vision 1, regeneration 2,
strong 1, magic shield, antimagic bite, no potion heal 3, rot immunity, sturdy
frame 1
a: Potion Petition, Call Merchant, Bribe Branch, Renounce Religion


You were on level 2 of the Orcish Mines.
You worshipped Gozag.
Gozag was most pleased with you.
You were not hungry.

You visited 2 branches of the dungeon, and saw 14 of its levels.

You collected 3381 gold pieces.
You spent 378 gold pieces at shops.
You paid 610 gold pieces to Gozag.

Inventory:

Hand Weapons
 b - a +0 blowgun
 c - a +0 battleaxe of electrocution (weapon)
 n - a +2 dagger of venom
 u - a +3 quarterstaff of chaos
 S - the +6 hunting sling of Eternal Night {venom, rN+ Str+2 Stlth+, unknown}
   (You found it on level 8 of the Dungeon)

   It poisons the ammo it fires.
   It affects your strength (+2).
   It protects you from negative energy.
   It makes you more stealthy.
Missiles
 e - 50 poisoned needles
 f - 2 curare-tipped needles
Armour
 d - a +0 cloak (worn)
 m - a +0 crystal plate armour
 p - a +2 helmet (worn)
 A - the +7 plate armour of the Albatross (worn) {-Cast rF- rC++ Dex+9}
   (You found it on level 4 of the Dungeon)

   It affects your dexterity (+9).
   It makes you vulnerable to fire.
   It greatly protects you from cold.
   It prevents spellcasting.
 Y - the -4 pair of gloves "Woimoczi" (worn) {MR- rCorr Str+6 SInv}
   (You bought it in a shop on level 8 of the Dungeon)

   It affects your strength (+6).
   It affects your resistance to hostile enchantments.
   It lets you see invisible.
   It protects you from acid and corrosion.
Jewellery
 o - a +4 ring of dexterity (right hand)
 q - a ring of magical power (left hand)
 C - an uncursed amulet of faith {unknown}
 L - an uncursed ring of poison resistance
Wands
 z - a wand of iceblast (10)
 G - a wand of acid (1)
 H - a wand of digging (13)
 M - a wand of paralysis (9)
 Q - a wand of scattershot (7)
 X - a wand of polymorph (10)
 Z - a wand of flame (45)
Scrolls
 a - a scroll of enchant weapon {unknown}
 i - 4 scrolls of magic mapping {unknown}
 k - 3 scrolls of amnesia
 l - 5 scrolls of identify
 s - 2 scrolls of immolation {unknown}
 t - 3 scrolls of fear {unknown}
 w - 8 scrolls of teleportation
 x - a scroll of holy word {unknown}
 y - 3 scrolls of enchant armour {unknown}
 E - 2 scrolls of fog
 K - 4 scrolls of remove curse
 O - 2 scrolls of blinking
Potions
 r - a potion of cancellation
 v - 2 potions of brilliance {unknown}
 B - 3 potions of flight {unknown}
 F - a potion of invisibility {unknown}
 P - a potion of berserk rage
 R - a potion of magic
 V - 2 potions of agility
 W - 4 potions of curing
Books
 h - a book of Changes

   Spells                             Type                      Level
   a - Beastly Appendage              Transmutation                1
   b - Sticks to Snakes               Transmutation                2
   c - Spider Form                    Transmutation/Poison         3
   d - Ice Form                       Ice/Transmutation            4
   e - Blade Hands                    Transmutation                5
 D - a book of Misfortune

   Spells                             Type                      Level
   a - Confusing Touch                Hexes                        1
   b - Confuse                        Hexes                        3
   c - Gell's Gravitas                Translocation                3
   d - Petrify                        Transmutation/Earth          4
   e - Metabolic Englaciation         Hexes/Ice                    5
   f - Yara's Violent Unravelling     Hexes/Transmutation          5
 T - a book of Frost

   Spells                             Type                      Level
   a - Freeze                         Ice                          1
   b - Throw Frost                    Conjuration/Ice              2
   c - Ozocubu's Armour               Charms/Ice                   3
   d - Throw Icicle                   Conjuration/Ice              4
   e - Summon Ice Beast               Ice/Summoning                4
 U - a book of Conjurations

   Spells                             Type                      Level
   a - Magic Dart                     Conjuration                  1
   b - Searing Ray                    Conjuration                  2
   c - Dazzling Spray                 Conjuration/Hexes            3
   d - Fulminant Prism                Conjuration/Hexes            4
   e - Force Lance                    Conjuration/Translocation    4
   f - Iskenderun's Mystic Blast      Conjuration                  4
Comestibles
 g - 13 rations


   Skills:
 + Level 9.6(9.4) Fighting
 - Level 3.3(3.2) Short Blades
 + Level 6.3(6.1) Axes
 - Level 0.2(0.1) Staves
 + Level 1.8(1.7) Throwing
 * Level 12.9(12.7) Armour
 + Level 6.6(6.4) Dodging
 - Level 8.7(8.5) Stealth
 + Level 1.7(1.6) Evocations


You had 12 spell levels left.
You didn't know any spells.

Dungeon Overview and Level Annotations

Branches:
Dungeon (12/15)            Temple (0/1) D:6            Lair (0/6) D:8
    Orc (2/2) D:12
    Elf: Orc:2

Altars:
Fedhas
Gozag
Trog
Zin

Shops:
D:3 *   D:4 *   D:8 [   D:11 !


Innate Abilities, Weirdness & Mutations

You have razor-sharp teeth.
You heal very quickly.
When hurt, damage is shared between your health and your magic reserves.
Your bite disrupts and absorbs the magic of your enemies.
Potions cannot restore your health.
You are immune to rotting.
You are partially covered in slimy green scales. (AC +2)
You are agile. (Dex +2)
Scrolls take you a little longer to read.
Your muscles are strong. (Str +2)
Your movements are slightly less encumbered by armour. (ER -2)


Message History

The orc priest is no longer distracted by gold. x2
The orc priest looks satisfied for a moment.
The orc warrior is distracted by the nearby gold.
The orc priest mumbles some strange prayers to Beogh against you.
Beogh smites you!
* * * LOW HITPOINT WARNING * * *
You hear a shout!
The orc warrior shouts!
Unknown command.
You feel yourself speed up.
The orc is no longer distracted by gold.
The orc priest is no longer distracted by gold.
The orc priest invokes the aid of Beogh against you.
Beogh smites you!
* * * LOW HITPOINT WARNING * * *
The orc hits you from afar with a trident of protection.
* * * LOW HITPOINT WARNING * * *
The orc priest calls down the wrath of Beogh upon you.
Beogh smites you!
You die...
Your body crumbles into a pile of gold. #...#o..# .. #....o.o.. #..#ooo#o #oooooo

#####o$o#######
......$o$.....# ##.
......$..o$...#### .. ..
........oo...#.#.## .#.#
..........@.......###.###
...............#.###....#
...............####.....###
..............).##........#
..#.......#.##..#.........#
...........#.........)..#
........))..#.#...##.##..
..........###....#####.. $
.........## #.....##.#..


You could see an orc high priest, 2 orc warriors, 7 orc priests and 4 orcs.

Vanquished Creatures
  Kirke (D:12)
  Josephine (Orc:2)
  Erolcha (Orc:2)
  Harold (D:11)
  The ghost of Harunobu the Ducker, a novice TrFi of Okawaru (D:9)
  4 two-headed ogres
  2 hydras (D:11)
  2 alligators (D:11)
  Nergalle (D:11)
  2 unseen horrors
  2 lindwurms (D:11)
  An ugly thing (D:11)
  2 manticores
  An orc sorcerer (Orc:2)
  A cyclops (D:12)
  Maurice (D:9)
  2 kobold demonologists (D:12)
  A komodo dragon (D:10)
  A tengu conjurer (D:11)
  2 trolls (D:9)
  A queen bee (D:9)
  A hornet (D:10)
  Grinder (D:3)
  4 slime creatures (D:11)
  Sigmund (D:3)
  5 wraiths (Orc:2)
  Eustachio (D:4)
  A yak (D:8)
  2 vampire mosquitoes (D:9)
  A basilisk (D:11)
  4 hogs (D:12)
  2 hungry ghosts
  An acid dragon (D:12)
  2 hell hounds (D:11)
  A water moccasin (D:11)
  3 porcupines
  3 ice beasts
  8 orc warriors
  2 phantoms
  A sky beast (D:6)
  3 black bears
  3 eyes of draining
  A necrophage (D:9)
  A wolf (D:11)
  11 ogres
  10 centaurs
  A crocodile (D:12)
  11 bullfrogs
  3 scorpions
  A water moccasin skeleton (D:6)
  15 killer bees (D:9)
  4 crimson imps
  A howler monkey (D:6)
  11 hounds
  A quasit (D:6)
  A centaur zombie (D:6)
  4 jellies (D:11)
  8 orc priests
  Crazy Yiuf (D:3)
  5 centaur skeletons
  9 orc wizards
  2 bullfrog skeletons
  A gnoll shaman (D:4)
  Natasha (thrice) (D:3)
  5 iguanas
  6 worker ants
  A killer bee zombie (D:10)
  A hound zombie (D:6)
  Robin (D:2)
  2 hound skeletons
  A howler monkey zombie (D:8)
  8 gnolls
  10 adders
  A shadow imp (D:9)
  8 oozes
  An adder skeleton (D:9)
  12 worms
  2 dart slugs
  8 leopard geckos
  49 orcs
  4 giant cockroaches
  6 hobgoblins
  15 jackals
  9 kobolds
  3 quokkas
  2 ball pythons
  8 bats
  6 frilled lizards
  12 goblins
  A jackal skeleton (D:6)
  A leopard gecko skeleton (D:4)
  A quokka skeleton (D:7)
  A quokka zombie (D:8)
  6 rats
377 creatures vanquished.

Vanquished Creatures (others)
  An orc warrior (D:9)
  An orc wizard (D:9)
  2 orcs
  A fungus (D:8)
5 creatures vanquished.

Grand Total: 382 creatures vanquished

Notes
Turn   | Place    | Note
-------+----------+-------------------------------------------
     0 | D:1      | Manul the Vine Stalker Assassin began the quest for the Orb.
     0 | D:1      | Reached XP level 1. HP: 11/11 MP: 2/2
     6 | D:1      | Reached skill level 5 in Stealth
   212 | D:1      | Reached XP level 2. HP: 15/15 MP: 3/3
  1484 | D:2      | Reached XP level 3. HP: 16/18 MP: 4/4
  1679 | D:2      | Noticed Robin
  2302 | D:2      | Reached skill level 1 in Dodging
  2414 | D:2      | Gained mutation: Your natural rate of healing is unusually fast. [Vine Stalker growth]
  2414 | D:2      | Reached XP level 4. HP: 22/23 MP: 5/5
  2655 | D:3      | Found a runed door.
  2932 | D:3      | Found Gozag's Platinum Reserve.
  2948 | D:3      | Found an opulent altar of Gozag.
  2965 | D:3      | Noticed Sigmund
  2970 | D:3      | Killed Sigmund
  2970 | D:3      | Reached XP level 5. HP: 27/27 MP: 6/6
  2970 | D:3      | Reached XP level 6. HP: 32/32 MP: 7/7
  2992 | D:3      | Became a worshipper of Gozag Ym Sagoz the Greedy
  3034 | D:3      | Noticed Natasha
  3041 | D:3      | Killed Natasha
  3123 | D:3      | Noticed Grinder
  3128 | D:3      | Killed Grinder
  3128 | D:3      | Reached XP level 7. HP: 35/35 MP: 8/8
  3251 | D:3      | Noticed Natasha
  3261 | D:3      | Killed Natasha
  3473 | D:3      | Noticed Crazy Yiuf
  3478 | D:3      | Killed Crazy Yiuf
  3504 | D:3      | Noticed Natasha
  3508 | D:3      | Killed Natasha
  3553 | D:2      | Killed Robin
  4132 | D:4      | Reached skill level 1 in Armour
  4180 | D:4      | Got an ichor-stained plate armour
  4288 | D:4      | Noticed Eustachio
  4295 | D:4      | Gained mutation: You have razor-sharp teeth. [Vine Stalker growth]
  4295 | D:4      | Reached XP level 8. HP: 36/42 MP: 9/9
  4315 | D:4      | Killed Eustachio
  4315 | D:4      | Reached skill level 2 in Armour
  4338 | D:4      | Identified the +7 plate armour of the Albatross {-Cast rF- rC++ Dex+9} (You found it on level 4 of the Dungeon)
  4368 | D:4      | Found Zin's Purification Station.
  4369 | D:4      | Found a glowing silver altar of Zin.
  4581 | D:4      | Found a bloodstained altar of Trog.
  4892 | D:5      | Entered Level 5 of the Dungeon
  4917 | D:5      | Reached skill level 3 in Armour
  5001 | D:5      | Reached skill level 5 in Fighting
  5507 | D:6      | Reached skill level 4 in Armour
  5507 | D:6      | Reached XP level 9. HP: 38/47 MP: 10/10
  5794 | D:6      | Found a staircase to the Ecumenical Temple.
  6108 | D:7      | Reached skill level 5 in Armour
  6268 | D:7      | Found a blossoming altar of Fedhas.
  6600 | D:8      | Noticed a two-headed ogre
  6617 | D:7      | Reached skill level 6 in Armour
  6619 | D:7      | Killed a two-headed ogre
  6619 | D:7      | Reached skill level 7 in Armour
  6619 | D:7      | Reached skill level 5 in Dodging
  6619 | D:7      | Reached XP level 10. HP: 35/53 MP: 9/11
  6674 | D:8      | Got a shimmering hunting sling
  7154 | D:8      | Found a staircase to the Lair.
  7429 | D:8      | Reached skill level 8 in Armour
  7499 | D:9      | Noticed a two-headed ogre
  7502 | D:9      | Killed a two-headed ogre
  7669 | D:9      | Noticed Harunobu's ghost (novice TrFi)
  7686 | D:10     | Entered Level 10 of the Dungeon
  7689 | D:10     | Reached skill level 9 in Armour
  8094 | D:10     | Reached XP level 11. HP: 55/58 MP: 12/12
  8250 | D:10     | Killed an unseen horror
  8288 | D:9      | Noticed a two-headed ogre
  8939 | D:9      | Killed a two-headed ogre
  8939 | D:9      | Reached skill level 10 in Armour
  9024 | D:9      | Noticed Maurice
  9040 | D:9      | Killed Maurice
  9040 | D:9      | Reached skill level 1 in Evocations
  9126 | D:9      | Noticed a two-headed ogre
  9137 | D:9      | Killed a two-headed ogre
  9412 | D:8      | Bought a pair of jewelled gloves for 266 gold pieces
  9417 | D:8      | Identified the cursed -4 pair of gloves "Woimoczi" {MR- rCorr Str+6 SInv} (You bought it in a shop on level 8 of the Dungeon)
  9705 | D:9      | Killed Harunobu's ghost
 10227 | D:11     | Noticed a lindwurm
 10239 | D:11     | Killed a lindwurm
 10239 | D:11     | Reached skill level 11 in Armour
 10274 | D:11     | Noticed a lindwurm
 10297 | D:11     | Killed a lindwurm
 10297 | D:11     | Gained mutation: You heal very quickly. [Vine Stalker growth]
 10297 | D:11     | Reached XP level 12. HP: 20/65 MP: 8/14
 10966 | D:11     | Noticed Harold
 11011 | D:11     | Killed Harold
 11011 | D:11     | Reached skill level 12 in Armour
 11157 | D:11     | Noticed a five-headed hydra
 11164 | D:11     | Killed a nine-headed hydra
 11178 | D:11     | Found Nyd Nupi's Distillery.
 11187 | D:11     | Bought a potion of mutation for 112 gold pieces
 11187 | D:11     | Gained mutation: Your movements are slightly less encumbered by armour. (ER -2) [potion of mutation]
 11187 | D:11     | Gained mutation: You are partially covered in slimy green scales. (AC +2) [potion of mutation]
 11188 | D:11     | Gained mutation: You are agile. (Dex +2) [potion of mutation]
 11188 | D:11     | Gained mutation: Scrolls take you a little longer to read. [potion of mutation]
 11188 | D:11     | Gained mutation: Your muscles are strong. (Str +2) [potion of mutation]
 11191 | D:11     | Noticed Nergalle
 11197 | D:11     | Killed Nergalle
 11284 | D:11     | Noticed an alligator
 11290 | D:11     | Killed an alligator
 11290 | D:11     | Reached skill level 1 in Axes
 11311 | D:11     | Noticed an alligator
 11327 | D:11     | Killed an alligator
 11462 | D:12     | Noticed Kirke
 11566 | D:12     | Killed Kirke
 11566 | D:12     | Reached XP level 13. HP: 53/70 MP: 15/15
 12038 | D:12     | Reached skill level 5 in Axes
 12217 | D:12     | Found a staircase to the Orcish Mines.
 12336 | Orc:1    | Entered Level 1 of the Orcish Mines
 12468 | Orc:2    | Entered Level 2 of the Orcish Mines
 12470 | Orc:2    | Noticed Erolcha
 12473 | Orc:2    | Paralysed by an orc sorcerer for 5 turns
 12535 | Orc:2    | Paralysed by Erolcha for 2 turns
 12542 | Orc:2    | Killed Erolcha
 12602 | Orc:2    | Noticed Josephine
 12617 | Orc:2    | Killed Josephine
 12678 | Orc:2    | Killed from afar by an orc priest

Skill      XL: |  1  2  3  4  5  6  7  8  9 10 11 12 13 |
---------------+----------------------------------------+-----
Stealth        | 5 6 7 8 |  8.7
Dodging        | 1 2 3 4 5 6 |  6.6
Short Blades   | 2 3 |  3.3
Fighting       | 2 3 5 6 7 8 9 |  9.6
Armour         | 1 4 7 9 11 12 | 12.9
Evocations     | 1 |  1.7
Axes           | 4 6 |  6.3
Staves         | |  0.2
Throwing       | |  1.8

Action                   |  1- 3 |  4- 6 |  7- 9 | 10-12 | 13-15 || total
-------------------------+-------+-------+-------+-------+-------++-------
Melee: Dagger            |    76 |    36 |   273 |   717 |       ||  1102
       Bite              |    17 |     4 |   124 |   511 |    58 ||   714
       Quarterstaff      |       |       |    32 |    15 |       ||    47
       Short sword       |       |       |     7 |    25 |       ||    32
       Battleaxe         |       |       |       |    74 |    94 ||   168
       Unarmed           |       |       |       |     4 |       ||     4
Invok: Call Merchant     |       |       |       |     1 |       ||     1
Evoke: Wand              |       |       |     2 |     5 |     8 ||    15
  Use: Potion            |     2 |     2 |       |     2 |     2 ||     8
       Scroll            |     1 |     3 |     3 |     8 |     2 ||    17
 Stab: Sleeping          |    16 |     8 |    13 |     8 |       ||    45
       Distracted        |       |       |     2 |    13 |     2 ||    17
       Paralysed         |       |       |     1 |     1 |       ||     2
  Eat: Chunk             |     4 |     2 |       |       |       ||     6
       Ration            |       |       |     4 |     6 |     2 ||    12
Armor: Robe              |    10 |     3 |    13 |       |       ||    26
       Plate armour      |       |       |    33 |   349 |   160 ||   542
       Ring mail         |       |       |    39 |    93 |       ||   132
Dodge: Dodged            |    57 |    25 |   174 |   528 |   157 ||   941
